 Dungeon Crawl Stone Soup version 0.31-a0-983-g7b6862f502 (webtiles) character file.

Game seed: 7098502772435518008

74 Xavori the Trooper (level 4, 0/35 HPs)
             Began as a Djinni Chaos Knight on Nov 2, 2023.
             Was a Plaything of Xom.
             Slain by an orc wizard
             ... wielding a +0 dagger
              (3 damage)
             ... on level 2 of the Dungeon.
             The game lasted 00:02:00 (9374 turns).

Xavori the Trooper (Djinni Chaos Knight)            Turns: 9374, Time: 00:02:00

Health: 0/35       AC:  5    Str: 11    XL:     4   Next: 52%
Gold:   99         EV: 12    Int: 14    God:    Xom [...*..] SH:  0 Dex: 14

rFire   + + .        a - +0 falchion (chaos)
rCold   x . .        (no shield)
rNeg    . . .        b - +2 leather armour
rPois   ∞            (no helmet)
rElec   .            (no cloak)
rCorr   .            (no gloves)
SInv    .            (boots unavailable)
Will    .....        (no amulet)
Stlth   +            (no ring)
HPRegen 0.25/turn    (no ring)
MPRegen 0.00/turn

%: infuse magic (-1 HP)
@: flying
A: sickness immunity, fire resistance 2, cold vulnerability 1, float, innate
caster, HP casting, extra vitality 1, inability to drink after injury 1,
inability to read after injury 1
a: Renounce Religion


You were on level 2 of the Dungeon.
You worshipped Xom.
You were a favourite toy of Xom.
You visited 1 branch of the dungeon, and saw 2 of its levels.

You collected 99 gold pieces.

Inventory:

Hand Weapons
 a - a +0 falchion of chaos (weapon)
Armour
 b - a +2 leather armour (worn)
Scrolls
 c - a scroll of butterflies
 e - 2 scrolls of identify {unknown}
Potions
 d - a potion of degeneration {unknown}
 f - a potion of heal wounds {unknown}


   Skills:
 + Level 3.4 Fighting
 + Level 3.1 Long Blades
 + Level 1.8 Armour
 + Level 2.8 Dodging
 * Level 1.2 Spellcasting
 * Level 1.2 Conjurations
 * Level 1.2 Hexes
   Level 0.0 Charms
 * Level 1.2 Summonings
 * Level 1.2 Necromancy
 * Level 1.2 Translocations
 * Level 1.2 Transmutations
 * Level 1.2 Fire Magic
 * Level 1.2 Ice Magic
 * Level 1.2 Air Magic
 * Level 1.2 Earth Magic
 * Level 1.2 Poison Magic


You knew the following spells:

 Your Spells              Type           Power      Damage    Failure   Level
a - Slow                  Hex            16%        N/A       21%         1
Your spell library was empty.

Dungeon Overview and Level Annotations

Branches:
Dungeon (2/15)

Altars:


Innate Abilities, Weirdness & Mutations

You are immune to sickness and miasma.
You are immune to poison.
Your flesh is very heat resistant. (rF++)
You are vulnerable to cold. (rC-)
You float through the air rather than walking.
You learn spells naturally, not from books.
Your magical power is your life essence.
You have superior vitality. (+4 MHP)
You occasionally lose the ability to drink potions when taking damage.
You occasionally lose the ability to read scrolls when taking damage.


Message History

You hit the endoplasm. You freeze the endoplasm.
The endoplasm is heavily wounded.
You hear some strange, mumbled words.
A magic dart appears from out of thin air!
The magic dart hits you!
The endoplasm hits you but does no damage.
The kobold hits you with a +0 short sword.
* * * LOW HITPOINT WARNING * * *
You are too injured to fight recklessly!
Unknown command.
You are too injured to fight recklessly!
Unknown command.
You are too injured to fight recklessly!
You hit the endoplasm.
You kill the endoplasm!
The kobold hits you but does no damage. Something hits you.
* * * LOW HITPOINT WARNING * * *
Unknown command.
You hit something but do no damage. The kobold barely misses you.
Something hits you but does no damage.
You barely miss something. The kobold hits you but does no damage.
Something barely misses you.
You hit something but do no damage. The kobold closely misses you.
Something hits you but does no damage. x2
The kobold hits you but does no damage.
Unknown command.
You closely miss something.
The kobold hits you with a +0 short sword.
* * * LOW HITPOINT WARNING * * *
Something hits you but does no damage.
You miss something.
A bat comes into view.
The kobold hits you with a +0 short sword.
* * * LOW HITPOINT WARNING * * *
Something hits you but does no damage.
Unknown command.
You hit something but do no damage. The kobold hits you but does no damage.
Something hits you.
You die...
Xom yawns loudly!

#.###
..............>........
.....
....##..####...........
.#..#
.......†.......<..)....
...#
........#####.........>
#..##
...##...#####..........
#<..# . ##......#..........
#....# #....#.#.........#
###..)#
######...#............
....!......{@)............#
......####)#K............#
..... ........... .###
###.##.b.... $# .. ......
.. ...... ##. ...... #.
#.##.


You could see a bat and a kobold.

Vanquished Creatures
  2 adders (D:2)
  A worm (D:2)
  A dart slug (D:1)
  3 orcs (D:2)
  9 endoplasms
  4 hobgoblins (D:1)
  3 kobolds
  A quokka (D:1)
  5 ball pythons
  7 bats (D:1)
  A frilled lizard (D:1)
  3 goblins (D:1)
  5 rats (D:1)
45 creatures vanquished.

Notes
Turn   | Place    | Note
-------+----------+-------------------------------------------
     0 | D:1      | Xavori the Djinni Chaos Knight began the quest for the Orb.
     0 | D:1      | Reached XP level 1. HP: 20/20 MP: 0/0
    15 | D:1      | Found a faded altar of an unknown god.
    71 | D:1      | Reached XP level 2. HP: 25/25 MP: 0/0
    80 | D:1      | XOM: divination: detect items
    82 | D:1      | XOM: silly message
   234 | D:1      | Reached XP level 3. HP: 30/30 MP: 0/0
   234 | D:1      | Learned a level 1 spell: Slow
   843 | D:1      | Reached skill level 1 in Spellcasting
   843 | D:1      | Reached skill level 1 in Conjurations
   843 | D:1      | Reached skill level 1 in Hexes
   843 | D:1      | Reached skill level 1 in Summonings
   843 | D:1      | Reached skill level 1 in Necromancy
   843 | D:1      | Reached skill level 1 in Translocations
   843 | D:1      | Reached skill level 1 in Transmutations
   843 | D:1      | Reached skill level 1 in Fire Magic
   843 | D:1      | Reached skill level 1 in Ice Magic
   843 | D:1      | Reached skill level 1 in Air Magic
   843 | D:1      | Reached skill level 1 in Earth Magic
   843 | D:1      | Reached skill level 1 in Poison Magic
   967 | D:1      | XOM: silly message
  2593 | D:1      | XOM: divination: magic mapping
  2857 | D:1      | XOM: give mutations
  2857 | D:1      | Gained mutation: You occasionally lose the ability to drink
                  | potions when taking damage. [Xom's mischief]
  2857 | D:1      | Gained mutation: You occasionally lose the ability to read
                  | scrolls when taking damage. [Xom's mischief]
  2857 | D:1      | Gained mutation: You sometimes lose the ability to read
                  | scrolls when taking damage. [Xom's mischief]
  3525 | D:1      | XOM: cloud trail
  4258 | D:1      | XOM: noise
  5241 | D:1      | XOM: 2-stop teleportation journey
  5611 | D:1      | XOM: scenery: 1 doors close
  5868 | D:1      | XOM: god gift: 51 gold pieces
  6260 | D:1      | XOM: god gift: runed barding {god gift}
  6692 | D:1      | XOM: silly message
  7096 | D:1      | XOM: silly message
  7905 | D:1      | XOM: scenery: 1 doors open
  8067 | D:1      | XOM is BORED!
  8067 | D:1      | XOM: give mutation
  8067 | D:1      | Gained mutation: Your spells are a little easier to cast,
                  | but a little less powerful. [Xom's mischief]
  8323 | D:1      | XOM: scenery: 1 doors close
  8688 | D:1      | XOM: divination: magic mapping
  8709 | D:1      | XOM: scenery: 1 doors open
  9109 | D:1      | XOM is BORED!
  9109 | D:1      | XOM: give mutations
  9109 | D:1      | Lost mutation: You sometimes lose the ability to read
                  | scrolls when taking damage. [Xom's mischief]
  9109 | D:1      | Lost mutation: Your spells are a little easier to cast, but
                  | a little less powerful. [Xom's mischief]
  9322 | D:2      | Reached XP level 4. HP: 35/35 MP: 0/0
  9374 | D:2      | Slain by an orc wizard

Illustrated notes

Levels and vault maps discovered:
D:1:      heliophobic_arrival_ceremonial_halls, layout_basic,
          chequers_ecumenical_altar_simple, minmay_tiny_reverse_x
D:2:      layout_rooms, basic_altar

Skill      XL: |  1  2  3 |
---------------+----------+-----
Long Blades    | 3 |  3.1
Spellcasting   | 1 |  1.2
Conjurations   | 1 |  1.2
Hexes          | 1 |  1.2
Summonings     | 1 |  1.2
Necromancy     | 1 |  1.2
Translocations | 1 |  1.2
Transmutations | 1 |  1.2
Fire Magic     | 1 |  1.2
Ice Magic      | 1 |  1.2
Air Magic      | 1 |  1.2
Earth Magic    | 1 |  1.2
Poison Magic   | 1 |  1.2
Fighting       | |  3.4
Armour         | |  1.8
Dodging        | |  2.8

Action                     |  1- 3 |  4- 6 || total
---------------------------+-------+-------++-------
  Melee: Falchion          |   120 |    29 ||   149
   Stab: Sleeping          |     1 |       ||     1
 Armour: Leather armour    |   104 |    39 ||   143
  Dodge: Dodged            |   121 |    21 ||   142

Table legend: (Time is in decaauts)
 A = Elapsed time spent in this place.
 B = Non-inter-level travel time spent in this place.
 C = Inter-level travel time spent in this place.
 D = Time resting spent in this place.
 E = Time spent auto-exploring this place.
 F = Levels seen in this place.
 G = Mean time per level.
                   A        B        C        D        E       F      G
               +--------+--------+--------+--------+--------+-----+--------+
         Total |   9398 |   9320 |     78 |   8334 |    687 |   2 | 4699.0 |
       Dungeon |   9398 |   9320 |     78 |   8334 |    687 |   2 | 4699.0 |
               +--------+--------+--------+--------+--------+-----+--------+

Top non-repeatable levels by time:
     D:1: 9322 daAuts
     D:2: 76 daAuts
